 Dungeon Crawl Stone Soup version 0.26.0-10-g1f06aea511 (webtiles) character file.

Game seed: 10515282600240466536

601747 Amaterasu the Fetichist (level 27, -2/189 (195) HPs)
             Began as a Gnoll Ice Elementalist on Feb 2, 2021.
             Was the Champion of Vehumet.
             Killed from afar by a Hell Sentinel (26 damage)
             ... with damnation
             ... on level 16 of a ziggurat on Feb 6, 2021.
             The game lasted 05:55:51 (83228 turns).

Amaterasu the Fetichist (Gnoll Ice Elementalist)   Turns: 83228, Time: 05:55:52

HP:   -2/189 (195)  AC: 36    Str: 17    XL:     27
MP:   7/45          EV: 26    Int: 41    God:    Vehumet [******]
Gold: 5035          SH: 20    Dex: 21    Spells: 2/62 levels left

rFire    + . .     SeeInvis .   E - staff of conjuration
rCold    + . .     Faith    .   F - +5 kite shield
rNeg     + + +     Spirit   .   Z - +9 ring mail of Elyvilon's Delight {rCorr Int+2}
rPois    ∞         Reflect  .   i - +1 helmet
rElec    +         Harm     .   X - +2 cloak
rCorr    +         Rampage  .   f - +0 pair of gloves of Foolhardiness {+Fly Str+4 Dex+3} (curse)
Will     +++++                  W - +2 pair of boots {Stlth+}
Stlth    +++++++++.             p - amulet of magic regeneration
HPRegen  0.41/turn              G - ring of Untruth {+Blink rElec rF+ Int+6 Stlth+}
MPRegen  0.54/turn              k - ring of the Mage {Wiz Will++ Int+3}

@: lich-form, studying Evocations, lightly drained
A: distributed training, fangs 1, clever 1, frail 1, strong 1, MP-powered wands,
strong nose
}: 3/15 runes: serpentine, barnacled, slimy
a: End Transformation, Renounce Religion, Evoke Blink, Evoke Flight


You were on level 16 of a ziggurat.
You worshipped Vehumet.
Vehumet was exalted by your worship.
You were a lich.
You visited 10 branches of the dungeon, and saw 49 of its levels.
You visited 1 ziggurat, and saw 16 of its levels.
You also visited: Ossuary, Gauntlet and Desolation.

You collected 10840 gold pieces.
You spent 5805 gold pieces at shops.

Inventory:

Hand Weapons
 b - the +8 arc blade {discharge, rElec}
   (You took it off a yaktaur on level 2 of the Depths)

   It insulates you from electricity.
 d - a +9 vampiric eveningstar
Armour
 e - the +8 orange crystal plate armour {Archmagi, Int+3 Clar}
   (You bought it in a shop on level 8 of the Dungeon)

   It affects your intelligence (+3).
   It protects you against confusion.
 f - the cursed +0 pair of gloves of Foolhardiness (worn) {+Fly Str+4 Dex+3}
   (You found it on level 1 of a ziggurat)

   It affects your strength (+4).
   It affects your dexterity (+3).
   It lets you fly.
   It has a curse placed upon it.
 i - a +1 helmet (worn)
 F - a +5 kite shield (worn)
 W - a +2 pair of boots of stealth (worn)
 X - a +2 cloak (worn)
 Z - the +9 ring mail of Elyvilon's Delight (worn) {rCorr Int+2}
   (You bought it in a shop on level 15 of the Dungeon)

   It affects your intelligence (+2).
   It provides partial protection from all sources of acid and corrosion.
Magical Staves
 E - an uncursed staff of conjuration (weapon)
Jewellery
 k - the ring of the Mage (right hand) {Wiz Will++ Int+3}
   (You found it on level 6 of a ziggurat)

   [ring of wizardry]

   It improves your spell success rate.
   It affects your intelligence (+3).
   It affects your willpower, your defense against some magical effects.
 p - an amulet of magic regeneration (around neck)
 G - the ring of Untruth (left hand) {+Blink rElec rF+ Int+6 Stlth+}
   (You acquired it on level 9 of a ziggurat)

   [ring of intelligence]

   It affects your intelligence (+6).
   It protects you from fire.
   It insulates you from electricity.
   It lets you blink.
   It makes you more stealthy.
 K - the ring "Oqimozum" {rElec rN+ Dex+6 Slay+2}
   (You found it in the Desolation of Salt)

   [ring of dexterity]

   It affects your dexterity (+6).
   It affects your accuracy and damage with ranged weapons and melee attacks
   (+2).
   It insulates you from electricity.
   It protects you from negative energy.
 P - the ring "Qiddex" {rPois rF+ rC+}
   (You found it on level 3 of the Depths)

   [ring of protection from cold]

   It protects you from fire.
   It protects you from cold.
   It protects you from poison.
 Y - the ring of the Hero {rN+ Str+6 SInv Stlth+}
   (You found it on level 15 of the Dungeon)

   [ring of strength]

   It affects your strength (+6).
   It protects you from negative energy.
   It lets you see invisible.
   It makes you more stealthy.
Wands
 c - a wand of enslavement (19)
 h - a wand of digging (4)
 y - a wand of polymorph (28)
 H - a wand of disintegration (18)
 L - a wand of random effects (113)
 M - a wand of iceblast (20)
 N - a wand of acid (10)
 O - a wand of paralysis (34)
Scrolls
 g - 33 scrolls of teleportation
 l - a scroll of summoning
 m - 10 scrolls of amnesia
 o - 5 scrolls of blinking
 s - 14 scrolls of fear
 u - 5 scrolls of identify
 v - 7 scrolls of enchant weapon
 A - 6 scrolls of magic mapping
 C - 8 scrolls of enchant armour
 J - 22 scrolls of remove curse
 T - 10 scrolls of fog
Potions
 j - 13 potions of mutation
 n - 7 potions of resistance
 q - 8 potions of cancellation
 r - 14 potions of haste
 t - 5 potions of magic
 w - 7 potions of ambrosia
 x - 24 potions of curing
 z - 5 potions of attraction
 B - 10 potions of flight
 D - 5 potions of might
 I - 5 potions of brilliance
 Q - 2 potions of heal wounds
 V - 3 potions of invisibility
Books
 a - a manual of Evocations
Miscellaneous
 R - a phantom mirror
 S - a phial of floods
 U - a condenser vane


   Skills:
 + Level 17.8 Fighting
 + Level 17.8 Short Blades
 + Level 17.8 Long Blades
 + Level 17.8 Axes
 + Level 17.8 Maces & Flails
 + Level 17.8 Polearms
 + Level 17.8 Staves
 + Level 17.8 Slings
 + Level 17.8 Bows
 + Level 17.8 Crossbows
 + Level 17.8 Throwing
 + Level 17.8 Armour
 + Level 18.2 Dodging
 + Level 18.2 Stealth
 + Level 17.8 Shields
 + Level 17.8 Unarmed Combat
 + Level 18.3 Spellcasting
 + Level 15.4 Conjurations
 + Level 15.4 Hexes
 + Level 15.4 Summonings
 + Level 15.4 Necromancy
 + Level 15.4 Translocations
 + Level 15.4 Transmutations
 + Level 15.4 Fire Magic
 + Level 16.5 Ice Magic
 + Level 15.4 Air Magic
 + Level 15.4 Earth Magic
 + Level 15.4 Poison Magic
 + Level 19.2 Invocations
 + Level 20.0 Evocations


You had 2 spell levels left.
You knew the following spells:

 Your Spells              Type           Power        Failure   Level
a - Starburst             Conj/Fire      64%          1%          6
b - Frozen Ramparts       Ice            100%         0%          3
c - Blink                 Tloc           N/A          0%          2
d - Shatter               Erth           52%          19%         9
e - Ignition              Fire           52%          1%          8
f - Necromutation         Tmut/Necr      64%          4%          8
g - Fireball              Conj/Fire      64%          1%          5
h - Freezing Cloud        Conj/Ice/Air   64%          1%          6
i - Iron Shot             Conj/Erth      64%          1%          6
j - Spellforged Servitor  Conj/Summ      64%          1%          7

Your spell library contained the following spells:

 Spells                   Type           Power        Failure   Level
 Tornado                  Air            52%          19%         9
 Animate Skeleton         Necr           100%         0%          1
 Apportation              Tloc           100%         0%          1
 Beastly Appendage        Tmut           100%         0%          1
 Corona                   Hex            100%         0%          1
 Foxfire                  Conj/Fire      100%         0%          1
 Freeze                   Ice            100%         0%          1
 Magic Dart               Conj           100%         0%          1
 Pain                     Necr           100%         0%          1
 Sandblast                Erth           100%         0%          1
 Shock                    Conj/Air       100%         0%          1
 Sting                    Tmut/Pois      100%         0%          1
 Summon Small Mammal      Summ           100%         0%          1
 Call Imp                 Summ           100%         0%          2
 Corpse Rot               Necr/Air       N/A          0%          2
 Passwall                 Tmut/Erth      86%          0%          2
 Poisonous Vapours        Pois/Air       100%         0%          2
 Searing Ray              Conj           100%         0%          2
 Slow                     Hex            100%         0%          2
 Sublimation of Blood     Necr           64%          0%          2
 Swiftness                Air            100%         0%          2
 Wereblood                Tmut           100%         0%          2
 Call Canine Familiar     Summ           100%         0%          3
 Confusing Touch          Hex            100%         0%          3
 Conjure Flame            Conj/Fire      100%         0%          3
 Dazzling Flash           Conj/Hex       100%         0%          3
 Gell's Gravitas          Tloc           52%          0%          3
 Ignite Poison            Fire/Tmut/Pois 100%         0%          3
 Inner Flame              Hex/Fire       100%         0%          3
 Lesser Beckoning         Tloc           52%          0%          3
 Mephitic Cloud           Conj/Pois/Air  100%         0%          3
 Ozocubu's Armour         Ice            100%         0%          3
 Portal Projectile        Hex/Tloc       100%         0%          3
 Spider Form              Tmut/Pois      52%          0%          3
 Static Discharge         Conj/Air       100%         0%          3
 Stone Arrow              Conj/Erth      100%         0%          3
 Summon Guardian Golem    Hex/Summ       100%         0%          3
 Teleport Other           Tloc           100%         0%          3
 Tukima's Dance           Hex            100%         0%          3
 Vampiric Draining        Necr           64%          0%          3
 Airstrike                Air            52%          0%          4
 Animate Dead             Necr           64%          0%          4
 Cause Fear               Hex            52%          0%          4
 Dispel Undead            Necr           100%         0%          4
 Fulminant Prism          Conj/Hex       64%          0%          4
 Hailstorm                Conj/Ice       100%         0%          4
 Ice Form                 Ice/Tmut       100%         0%          4
 Iskenderun's Mystic Bla  Conj/Tloc      100%         0%          4
 Leda's Liquefaction      Hex/Erth       52%          0%          4
 Olgreb's Toxic Radiance  Pois           100%         0%          4
 Passage of Golubria      Tloc           N/A          0%          4
 Petrify                  Tmut/Erth      100%         0%          4
 Sticky Flame             Conj/Fire      100%         0%          4
 Summon Ice Beast         Ice/Summ       100%         0%          4
 Summon Lightning Spire   Summ/Air       100%         0%          4
 Agony                    Necr           100%         1%          5
 Alistair's Intoxication  Tmut/Pois      69%          1%          5
 Blade Hands              Tmut           52%          1%          5
 Bolt of Magma            Conj/Fire/Erth 64%          1%          5
 Borgnjor's Vile Clutch   Necr/Erth      64%          1%          5
 Excruciating Wounds      Necr           64%          1%          5
 Irradiate                Conj/Tmut      64%          1%          5
 Iskenderun's Battlesphe  Conj           100%         1%          5
 Lee's Rapid Deconstruct  Erth           52%          1%          5
 Lightning Bolt           Conj/Air       64%          1%          5
 Metabolic Englaciation   Hex/Ice        53%          1%          5
 Silence                  Hex/Air        52%          1%          5
 Summon Forest            Summ/Tloc      52%          1%          5
 Summon Mana Viper        Hex/Summ       100%         1%          5
 Yara's Violent Unravell  Hex/Tmut       52%          1%          5
 Conjure Ball Lightning   Conj/Air       64%          1%          6
 Death Channel            Necr           64%          1%          6
 Dispersal                Tloc           52%          1%          6
 Eringya's Noxious Bog    Tmut/Pois      52%          1%          6
 Hydra Form               Tmut           52%          1%          6
 Invisibility             Hex            100%         1%          6
 Simulacrum               Ice/Necr       64%          1%          6
 Statue Form              Tmut/Erth      69%          1%          6
 Dragon Form              Tmut           52%          1%          7
 Haunt                    Necr/Summ      64%          1%          7
 Malign Gateway           Summ/Tloc      52%          1%          7
 Monstrous Menagerie      Summ           52%          1%          7
 Orb of Destruction       Conj           64%          1%          7
 Summon Greater Demon     Summ           52%          1%          7
 Summon Hydra             Summ           52%          1%          7
 Chain Lightning          Conj/Air       64%          1%          8
 Lehudib's Crystal Spear  Conj/Erth      64%          1%          8
 Borgnjor's Revivificati  Necr           64%          4%          8
 Discord                  Hex            52%          4%          8
 Infestation              Necr           64%          4%          8
 Summon Horrible Things   Summ           52%          4%          8
 Absolute Zero            Ice            54%          13%         9
 Fire Storm               Conj/Fire      64%          19%         9
 Death's Door             Necr           64%          56%         9
 Dragon's Call            Summ           52%          56%         9


Dungeon Overview and Level Annotations

Branches:
Dungeon (15/15)            Temple (1/1) D:7            Lair (6/6) D:9
 Shoals (4/4) Lair:3        Snake (4/4) Lair:4        Slime (5/5) Lair:6
    Orc (2/2) D:10            Elf (3/3) Orc:2        Vaults (4/5) D:13
  Crypt (0/3) Vaults:2     Depths (5/5) D:15            Zot (0/5) Depths:5
Ossuary (visited)         Desolation (visited)      Gauntlet (visited)

Altars:
Cheibriados
Elyvilon
Fedhas
Gozag
Kikubaaqudgha
Makhleb
Nemelex Xobeh
Okawaru
Ru
Uskayaw
Vehumet
Xom
Yredelemnul
Zin
The Shining One
Beogh
Jiyva
Lugonu

Shops:
D:6 !   D:8 [*   D:11 [   D:15 ([(   Orc:2 ((:   Elf:1 ([   Shoals:1 (
Shoals:2 [   Snake:1 !   Snake:2 *}?(   Snake:4 ==}   Vaults:2 :[!

Portals:
Hell: Depths:1 Depths:2 Depths:3 Depths:4 Depths:5
Abyss: Lair:3 Depths:4 Depths:5
Pandemonium: Depths:3 Depths:5
Trove: D:11 (give 7 scrolls of fog)

Annotations:
Lair:2 2 transporters, Sonja
Lair:3 2 transporters, exclusion: 2 lurking horrors
Depths:4 1 transporter
Abyss:1 Edmund


Innate Abilities, Weirdness & Mutations

Your experience applies equally to all skills.
You have very sharp teeth.
Your uncanny sense of smell can sniff out nearby items.
Your mind is acute. (Int +2)
You are frail. (-10% HP)
Your muscles are strong. (Str +2)
You expend magic power (3 MP) to strengthen your wands.


Message History

The sphere of damnation explodes!
The damnation engulfs you!!
* * * LOW HITPOINT WARNING * * *
The damnation engulfs your spellforged servitor!
Your spellforged servitor points at the Hell Sentinel and mumbles some strange words.
The iron shot hits the crystal guardian!!!
You hear a roar!
Casting: Iron Shot (safe; 1% risk of failure)
Confirm with . or Enter, or press ? or * to list all spells.
Aiming: Iron Shot (safe; 1% risk of failure)
Press: ? - help, Shift-Dir - straight line, f/p - Hell Sentinel
Aim: a Hell Sentinel (purple smoke, almost dead, 2% to evade)
You feel a surge of power!
The iron shot hits the crystal guardian!!
You destroy the crystal guardian!
Vehumet accepts your kill.
You feel your power returning.
Your spellforged servitor hums quietly as it recharges.
The Hell Sentinel gestures at you.
The sphere of damnation explodes!
The damnation engulfs you!!
You die...

................▓▓
.................▓▓
†.................▓
†(........(.......▓
.E(...............▓
(.............§§§.▓
...8.)........§§8§▓▓
)..18†§.8.1..§1§L§§▓
)....18(8....§§§§§▓▓
..............§§§§▓
.C.C.............§▓
..................▓
..................▓
(................▓▓
................▓▓


You could see a Hell Sentinel and a friendly spellforged servitor (summoned).

Vanquished Creatures
  the Royal Jelly (Slime:5)
  2 juggernauts
  The ghost of Xocw the Executioner, a legendary GrMo of the Shining One (Zig:10)
  5 royal mummies (Zig:12)
  The ghost of thechecker02 the Impregnable, a legendary DDFi of Makhleb (Zig:10)
  Bai Suzhen (Vaults:4)
  2 pandemonium lords
  A caustic shrike (Zig:16)
  A golden dragon (Depths:3)
  Nikola (Shoals:2)
  3 pearl dragons (Zig:14)
  A tentacled monstrosity (Depths:5)
  2 liches
  An Ice Fiend (Zig:6)
  5 deep elf blademasters
  2 deep elf master archers
  A titan (Depths:5)
  25 acid blobs
  Polyphemus (Shoals:2)
  A sphinx (Depths:3)
  Gastronok (D:8)
  Kirke (Snake:2)
  A fenstrider witch (Zig:7)
  A kraken (Shoals:4)
  3 storm dragons
  Roxanne (Elf:3)
  4 tengu reavers
  6 nagarajas
  2 shadow dragons (Zig:10)
  3 draconian monks (Zig:8)
  18 azure jellies
  6 fire giants
  5 deep elf sorcerers
  A fenstrider witch (shapeshifter) (Zig:4)
  3 iron dragons
  11 vault wardens
  Aizul (Vaults:3)
  9 frost giants
  2 cacodemons (Zig:6)
  7 orc warlords (Zig:13)
  2 imperial myrmidons (Desolation)
  2 draconian stormcallers (Depths:5)
  A balrug (Depths:1)
  5 angels (Zig:14)
  7 deep elf elementalists (Elf:3)
  A juggernaut zombie (Zig:12)
  5 ironheart preservers
  2 draconian annihilators
  A juggernaut skeleton (Depths:2)
  4 curse skulls
  A war gargoyle (Zig:9)
  4 reapers
  11 very ugly things
  16 stone giants
  A corrupter (Zig:14)
  2 green draconians
  5 ophanim (Zig:14)
  3 apis (Zig:14)
  7 deep elf demonologists
  4 vampire knights
  2 black draconians (Zig:8)
  A bunyip (Zig:7)
  A minotaur (Gauntlet)
  10 deep elf annihilators
  A purple draconian (Zig:8)
  2 yellow draconians
  4 spark wasps
  4 entropy weavers
  4 merfolk javelineers
  2 mummy priests (Zig:12)
  A crystal guardian (Zig:16)
  8 merfolk impalers
  An eidolon (Zig:10)
  6 ettins
  17 death oozes
  4 ragged hierophants (Desolation)
  Fannar (D:11)
  4 deep elf death magi
  An eleionoma (Zig:7)
  2 jiangshi (Depths:4)
  15 yaktaur captains
  2 green deaths
  8 fire dragons
  2 shambling mangroves
  15 great orbs of eyes
  4 deep elf high priests
  6 servants of whispers (Desolation)
  A hell beast (Depths:2)
  6 ice dragons
  6 rakshasas
  9 vault guards
  8 hydras
  Erolcha (D:9)
  13 naga warriors
  7 peacekeepers (Desolation)
  3 spriggan air magi
  A merfolk avatar (Shoals:2)
  9 boulder beetles
  3 ghost crabs (Zig:10)
  2 catoblepae
  A quicksilver dragon skeleton (Zig:9)
  8 centaur warriors
  3 death knights
  14 anacondas
  2 alligator snapping turtles
  An alligator (shapeshifter) (Depths:5)
  7 tengu warriors
  27 dancing weapons
  8 merfolk aquamancers
  8 death yaks
  11 ogre magi
  2 nameless horrors (Depths:2)
  2 death scarabs (Zig:12)
  39 two-headed ogres
  2 satyrs
  3 deep troll earth magi
  An alligator (Zig:2)
  3 vampire magi
  7 deep troll shamans
  11 naga sharpshooters
  5 shock serpents
  A sun demon (Depths:5)
  Nergalle (Orc:1)
  Urug (Orc:1)
  5 spriggan berserkers
  4 soul eaters
  A storm dragon zombie (Zig:12)
  12 hell knights
  2 orc high priests
  A wretched star (Zig:3)
  25 deep elf knights
  A fire crab (shapeshifter) (Vaults:3)
  14 skeletal warriors
  A goliath frog (Zig:7)
  4 salamander mystics
  A spark wasp zombie (Zig:12)
  3 iron trolls
  15 sea snakes
  A shadow demon (Zig:14)
  2 sixfirhies
  4 cherubim (Zig:14)
  3 flayed ghosts
  6 wizards
  A storm dragon skeleton (Vaults:3)
  5 unseen horrors
  2 glowing orange brains
  A spriggan druid (Zig:7)
  An obsidian statue (Depths:2)
  3 phantasmal warriors
  8 deep trolls
  A tengu zombie (Zig:9)
  Pikel (D:4)
  A golden dragon skeleton (Depths:4)
  22 deep elf archers
  14 ironbrand convokers
  A swamp dragon (Lair:6)
  12 orc knights
  A sphinx zombie (Depths:4)
  4 lindwurms
  8 necromancers
  10 naga ritualists
  A shadow dragon zombie (Vaults:3)
  A tengu skeleton (Zig:12)
  20 mana vipers
  57 deep elf magi
  A sphinx skeleton (Zig:12)
  An iron dragon zombie (Depths:4)
  5 oklob plants
  15 harpies
  12 salamanders
  4 wolf spiders
  11 cyclopes
  23 ugly things
  9 fauns
  11 shining eyes
  15 elephants
  15 manticores
  13 orc sorcerers
  10 merfolk sirens
  3 moths of wrath (Zig:13)
  A black mamba (shapeshifter) (Vaults:4)
  A moth of wrath (shapeshifter) (Zig:4)
  37 black mambas
  5 frost giant skeletons
  10 guardian serpents
  20 naga magi
  8 water nymphs
  2 rust devils (Zig:9)
  Psyche (D:9)
  An apocalypse crab (Gauntlet)
  A molten gargoyle (Desolation)
  8 vault sentinels
  5 gargoyles (Zig:16)
  4 eyes of devastation
  A hellion (Zig:9)
  2 orange demons (Depths:2)
  11 cane toads
  2 spriggan zombies
  4 freezing wraiths
  6 torpor snails
  33 yaktaurs
  3 kobold demonologists
  10 komodo dragons
  2 efreet
  A tormentor (Zig:6)
  4 rime drakes
  A guardian mummy (Zig:12)
  2 tengu conjurers
  6 small abominations (Elf:3)
  2 hellwings
  3 red devils
  5 trolls
  An ice devil (Depths:2)
  2 meliai (D:15)
  24 merfolk
  A bloated husk (Zig:7)
  2 polar bears
  8 wind drakes
  A wind drake (shapeshifter) (Elf:3)
  A meliai (shapeshifter) (Vaults:2)
  2 queen bees (shapeshifter)
  3 tyrant leeches (Lair:6)
  Prince Ribbit (D:7)
  34 saltlings (Desolation)
  14 hornets
  91 slime creatures
  32 blink frogs
  5 large abominations
  5 raiju (Depths:2)
  15 snapping turtles
  A frost giant simulacrum (Vaults:1)
  3 air elementals
  A redback (Vaults:2)
  2 redbacks (shapeshifter)
  2 spriggans (Depths:4)
  A flying skull (Zig:12)
  22 water elementals
  A spriggan (shapeshifter) (D:15)
  A centaur simulacrum (Gauntlet)
  A tarantella (shapeshifter) (Depths:4)
  A vampire (D:13)
  3 wraiths
  31 yaks
  2 shadows (D:15)
  7 wyverns
  Grum (D:8)
  A ynoxinul (Zig:6)
  3 basilisks
  A human (shapeshifter) (D:15)
  4 fire elementals
  2 ushabtiu (Zig:12)
  3 hogs (Snake:2)
  A neqoxec (Zig:3)
  5 golden eyes
  8 vampire mosquitoes
  3 steam dragons
  52 nagas
  5 wargs
  14 water moccasins
  3 hell hounds
  2 acid dragons (Lair:6)
  4 sky beasts
  2 swamp drakes (Lair:6)
  A human skeleton (Depths:4)
  2 ice beasts
  3 black bears
  10 eyes of draining
  37 orc warriors
  A black bear (shapeshifter) (D:13)
  A necrophage (D:13)
  A phantom (D:9)
  An elf simulacrum (Depths:4)
  13 wolves
  20 centaurs
  31 ogres
  12 boggarts
  A lemure (D:4)
  A big kobold (shapeshifter) (Depths:4)
  3 big kobolds
  4 elf zombies (Elf:1)
  Blork the orc (D:4)
  4 earth elementals
  19 bullfrogs
  A human zombie (Vaults:3)
  A gnoll sergeant (D:6)
  A scorpion (shapeshifter) (Depths:3)
  A hornet simulacrum (Gauntlet)
  13 killer bees
  An orc simulacrum (Vaults:2)
  2 scorpions
  5 wights (D:11)
  4 howler monkeys
  2 electric eels
  9 crimson imps
  2 wyvern simulacra
  2 bullfrog zombies
  3 centaur zombies
  A human simulacrum (Vaults:1)
  2 hounds
  32 orc wizards
  Crazy Yiuf (D:2)
  21 orc priests
  2 bullfrog skeletons
  2 jellies
  9 centaur skeletons
  5 iron imps
  Jessica (D:2)
  Ijyb (D:3)
  4 iguanas
  7 worker ants
  6 hell rats (Lair:5)
  5 big kobold zombies (Ossuary)
  2 bullfrog simulacra (Gauntlet)
  8 mummies
  A worker ant zombie (D:10)
  Robin (D:2)
  9 gnolls (D:6)
  17 adders
  5 shadow imps
  5 white imps
  An ufetubus (D:6)
  2 adder skeletons
  8 adder zombies
  2 worms
  2 dart slugs
  5 leopard geckos
  106 orcs
  3 ball pythons
  4 bats
  6 giant cockroaches
  16 goblins
  13 hobgoblins
  10 jackals
  18 kobolds
  3 quokkas
  3 frilled lizards (D:2)
  4 gnoll zombies (Ossuary)
  5 hobgoblin zombies (Ossuary)
  A jackal zombie (D:5)
  3 kobold zombies (Ossuary)
  A leopard gecko skeleton (D:4)
  2 orc zombies (Ossuary)
  15 rats
  A bush (Lair:2)
  3 crawling corpses (Elf:3)
  A tentacle (Shoals:4)
2256 creatures vanquished.

Vanquished Creatures (collateral kills)
  A deep elf master archer (Elf:3)
  An acid blob (Slime:1)
  Donald (Shoals:3)
  3 azure jellies (Slime:5)
  A tengu reaver (Depths:5)
  A daeva (Zig:14)
  4 vault wardens
  3 deep elf sorcerers
  2 imperial myrmidons (Desolation)
  A ghoul (Vaults:1)
  2 ironheart preservers (Vaults:3)
  Louise (Shoals:3)
  3 very ugly things
  6 stone giants
  A deep elf demonologist (Elf:3)
  A deep elf annihilator (Elf:3)
  A black draconian (Depths:5)
  An apis (Zig:14)
  2 entropy weavers (Vaults:4)
  2 spark wasps (Depths:5)
  2 ettins
  A jiangshi (Depths:4)
  2 deep elf death magi (Elf:3)
  6 merfolk impalers
  A death ooze (Slime:5)
  A fire dragon (Vaults:4)
  3 ice dragons
  A yaktaur captain (Vaults:2)
  2 vault guards (Vaults:3)
  2 servants of whispers (Desolation)
  A rakshasa (Vaults:3)
  A boulder beetle (Vaults:3)
  4 peacekeepers (Desolation)
  A death knight (Vaults:3)
  A deep troll shaman (Depths:3)
  A satyr (Shoals:3)
  2 merfolk aquamancers
  An ogre mage (Vaults:3)
  2 alligator snapping turtles
  3 dancing weapons
  7 two-headed ogres
  A death yak (Shoals:2)
  4 deep troll earth magi
  2 skeletal warriors (D:14)
  A sun demon (Depths:2)
  A deep elf knight (Elf:2)
  6 deep trolls
  A cherub (Zig:14)
  3 deep elf archers
  2 sea snakes
  A flayed ghost (Vaults:3)
  2 orc knights
  A shadow dragon zombie (Vaults:3)
  5 ironbrand convokers
  2 phantasmal warriors (Depths:1)
  A wolf spider (Vaults:3)
  A necromancer (Depths:3)
  5 fauns
  4 harpies
  11 deep elf magi
  2 slime creatures
  4 manticores
  11 ugly things
  A rust devil (Depths:2)
  3 merfolk sirens
  7 vault sentinels
  A guardian serpent (Desolation)
  2 water nymphs (Shoals:1)
  A cane toad (Lair:6)
  4 freezing wraiths
  6 yaktaurs
  An ice devil (Depths:2)
  12 merfolk
  A hornet (Vaults:4)
  30 saltlings (Desolation)
  3 snapping turtles
  A wraith (Vaults:1)
  6 water elementals
  A warg (Vaults:2)
  An orc warrior (Vaults:1)
  4 ogres
  A centaur (Shoals:1)
  A crimson imp (Depths:2)
  A white imp (Depths:2)
  An orc (Vaults:3)
243 creatures vanquished.

Vanquished Creatures (others)
  A deep elf elementalist (Elf:1)
  A war gargoyle (Zig:16)
  A peacekeeper (Desolation)
  An unseen horror (D:15)
  A deep elf mage (Elf:3)
  A harpy (Zig:15)
  3 naga magi
  A hornet (Zig:7)
  A naga (Snake:4)
  A crawling corpse (Elf:3)
  10 demonic plants (Gauntlet)
  48 fungi
  4 pillars of salt (Vaults:1)
  207 plants
  7 tentacles (Shoals:4)
  13 withered plants (Gauntlet)
301 creatures vanquished.

Grand Total: 2800 creatures vanquished

Notes
Turn   | Place    | Note
-------+----------+-------------------------------------------
     0 | D:1      | Amaterasu the Gnoll Ice Elementalist began the quest for
                  | the Orb.
     0 | D:1      | Reached XP level 1. HP: 13/13 MP: 6/6
   204 | D:1      | Reached XP level 2. HP: 19/19 MP: 7/7
   442 | D:1      | Reached XP level 3. HP: 25/25 MP: 9/9
   447 | D:1      | Reached skill level 5 in Spellcasting
   453 | D:1      | Learned a level 3 spell: Frozen Ramparts
   457 | D:1      | Learned a level 3 spell: Ozocubu's Armour
  1063 | D:2      | Reached skill level 1 in Invocations
  1172 | D:2      | Reached skill level 1 in Fighting
  1172 | D:2      | Reached skill level 1 in Short Blades
  1172 | D:2      | Reached skill level 1 in Long Blades
  1172 | D:2      | Reached skill level 1 in Axes
  1172 | D:2      | Reached skill level 1 in Maces & Flails
  1172 | D:2      | Reached skill level 1 in Polearms
  1172 | D:2      | Reached skill level 1 in Staves
  1172 | D:2      | Reached skill level 1 in Slings
  1172 | D:2      | Reached skill level 1 in Bows
  1172 | D:2      | Reached skill level 1 in Crossbows
  1172 | D:2      | Reached skill level 1 in Throwing
  1172 | D:2      | Reached skill level 1 in Armour
  1172 | D:2      | Reached skill level 1 in Shields
  1172 | D:2      | Reached skill level 1 in Unarmed Combat
  1172 | D:2      | Reached skill level 1 in Evocations
  1223 | D:2      | Reached XP level 4. HP: 32/32 MP: 11/11
  1363 | D:2      | Found a runed translucent door.
  1364 | D:2      | Noticed Crazy Yiuf
  1427 | D:2      | Noticed Robin
  1442 | D:2      | Reached skill level 1 in Conjurations
  1442 | D:2      | Reached skill level 1 in Hexes
  1442 | D:2      | Reached skill level 1 in Summonings
  1442 | D:2      | Reached skill level 1 in Necromancy
  1442 | D:2      | Reached skill level 1 in Translocations
  1442 | D:2      | Reached skill level 1 in Transmutations
  1442 | D:2      | Reached skill level 1 in Fire Magic
  1442 | D:2      | Reached skill level 1 in Air Magic
  1442 | D:2      | Reached skill level 1 in Earth Magic
  1442 | D:2      | Reached skill level 1 in Poison Magic
  1443 | D:2      | Killed Robin
  1560 | D:2      | Noticed Jessica
  1571 | D:2      | Killed Jessica
  1572 | D:2      | Reached XP level 5. HP: 35/37 MP: 9/12
  1704 | D:2      | Learned a level 4 spell: Summon Ice Beast
  1984 | D:2      | HP: 1/37 [Crazy Yiuf/puff of flame (8)]
  1985 | D:2      | Gained mutation: You are covered in fur. (AC +1) [potion of
                  | mutation]
  1985 | D:2      | Gained mutation: Armour fits poorly on your strangely
                  | shaped body. [potion of mutation]
  1985 | D:2      | Gained mutation: You occasionally shout uncontrollably at
                  | your foes. [potion of mutation]
  1985 | D:2      | Gained mutation: You are strong-willed. (Will+) [potion of
                  | mutation]
  1986 | D:2      | Killed Crazy Yiuf
  2332 | D:3      | Noticed Ijyb
  2340 | D:3      | Killed Ijyb
  2735 | D:3      | Reached XP level 6. HP: 44/44 MP: 13/13
  2968 | D:4      | Noticed Pikel
  2977 | D:4      | Killed Pikel
  2978 | D:4      | Reached skill level 5 in Dodging
  2978 | D:4      | Reached skill level 5 in Stealth
  2978 | D:4      | Reached skill level 2 in Evocations
  2978 | D:4      | Reached XP level 7. HP: 44/51 MP: 7/15
  3044 | D:4      | Found a glowing golden altar of the Shining One.
  3111 | D:4      | Learned a level 4 spell: Hailstorm
  3181 | D:4      | Reached XP level 8. HP: 42/57 MP: 9/16
  3423 | D:4      | Noticed Blork the orc
  3434 | D:4      | Killed Blork the orc
  3435 | D:4      | Reached skill level 3 in Evocations
  3698 | D:5      | Entered Level 5 of the Dungeon
  4100 | D:5      | Found a snail-covered altar of Cheibriados.
  4208 | D:5      | Got a masterwork rapier
  4209 | D:5      | Identified the +5 rapier "Naomp" {chaos, *Noise rElec Str-4
                  | Int+9} (You found it on level 5 of the Dungeon)
  4266 | D:5      | Found a snail-covered altar of Cheibriados.
  4586 | D:6      | Noticed Edmund
  4599 | D:6      | Banished Edmund
  4988 | D:6      | Reached XP level 9. HP: 60/65 MP: 7/18
  5091 | D:6      | Found Nogotaro's Distillery.
  5571 | D:7      | Noticed Prince Ribbit
  5573 | D:7      | Killed Prince Ribbit
  5574 | D:7      | Reached skill level 4 in Evocations
  5837 | D:7      | Found a sand-covered staircase.
  5844 | Ossuary  | Entered an ossuary
  6327 | D:7      | Got an encrusted leather armour
  6345 | D:7      | Found a staircase to the Ecumenical Temple.
  6354 | Temple   | Entered the Ecumenical Temple
  6448 | Temple   | Became a worshipper of Vehumet
  6479 | Temple   | Identified the cursed +0 leather armour of the Trilobite
                  | {Harm SInv} (You found it on level 7 of the Dungeon)
  6943 | D:7      | Reached skill level 5 in Invocations
  7934 | D:8      | Found Linn's Assorted Antiques.
  8027 | D:8      | Reached XP level 10. HP: 73/73 MP: 20/20
  8045 | D:8      | Found Ustox's Antique Armour Shop.
  8062 | D:8      | Noticed Grum
  8083 | D:8      | Killed Grum
  8084 | D:8      | Reached skill level 5 in Fighting
  8084 | D:8      | Reached skill level 5 in Short Blades
  8084 | D:8      | Reached skill level 5 in Long Blades
  8084 | D:8      | Reached skill level 5 in Axes
  8084 | D:8      | Reached skill level 5 in Maces & Flails
  8084 | D:8      | Reached skill level 5 in Polearms
  8084 | D:8      | Reached skill level 5 in Staves
  8084 | D:8      | Reached skill level 5 in Slings
  8084 | D:8      | Reached skill level 5 in Bows
  8084 | D:8      | Reached skill level 5 in Crossbows
  8084 | D:8      | Reached skill level 5 in Throwing
  8084 | D:8      | Reached skill level 5 in Armour
  8084 | D:8      | Reached skill level 5 in Shields
  8084 | D:8      | Reached skill level 5 in Unarmed Combat
  8084 | D:8      | Reached skill level 5 in Evocations
  8227 | D:8      | Noticed Gastronok
  8235 | D:8      | Reached * piety under Vehumet
  8235 | D:8      | Offered knowledge of Foxfire by Vehumet.
  8255 | D:8      | Killed Gastronok
  8482 | D:8      | Learned a level 2 spell: Searing Ray
  8857 | D:9      | Noticed Erolcha
  8880 | D:9      | Killed Erolcha
  9049 | D:9      | Found a staircase to the Lair.
  9255 | D:9      | Reached XP level 11. HP: 78/81 MP: 16/22
  9436 | D:9      | Noticed Psyche
  9442 | D:9      | Killed Psyche
  9534 | D:9      | Reached skill level 6 in Evocations
  9887 | D:9      | You fall into a shaft and drop 2 floors!
  9897 | D:11     | Reached skill level 5 in Conjurations
  9897 | D:11     | Reached skill level 5 in Hexes
  9897 | D:11     | Reached skill level 5 in Summonings
  9897 | D:11     | Reached skill level 5 in Necromancy
  9897 | D:11     | Reached skill level 5 in Translocations
  9897 | D:11     | Reached skill level 5 in Transmutations
  9897 | D:11     | Reached skill level 5 in Fire Magic
  9897 | D:11     | Reached skill level 5 in Air Magic
  9897 | D:11     | Reached skill level 5 in Earth Magic
  9897 | D:11     | Reached skill level 5 in Poison Magic
  9936 | D:11     | Found Hoaj's Armour Emporium.
  9941 | D:11     | Noticed Fannar
 10097 | D:11     | Reached ** piety under Vehumet
 10097 | D:11     | Offered knowledge of Sandblast by Vehumet.
 10603 | D:10     | Entered Level 10 of the Dungeon
 10733 | D:10     | Found a white marble altar of Elyvilon.
 11250 | D:10     | Found a staircase to the Orcish Mines.
 12085 | D:6      | Bought a potion of experience for 650 gold pieces
 12085 | D:6      | Reached skill level 7 in Evocations
 12085 | D:6      | Reached XP level 12. HP: 91/91 MP: 24/24
 12239 | Lair:1   | Entered Level 1 of the Lair of Beasts
 12948 | Lair:1   | Offered knowledge of Stone Arrow by Vehumet.
 13161 | Lair:2   | Noticed Sonja
 13446 | Lair:2   | Reached *** piety under Vehumet
 13733 | Lair:2   | Found a transporter.
 14003 | Lair:2   | Found a transporter.
 14318 | Lair:2   | Reached XP level 13. HP: 97/97 MP: 18/26
 14592 | Lair:2   | Got a warped silver ring
 14593 | Lair:2   | Identified the ring "Igoragg" {rF+ Int+6} (You found it on
                  | level 2 of the Lair of Beasts)
 14597 | Lair:2   | Lost mutation: You occasionally shout uncontrollably at
                  | your foes. [potion of mutation]
 14597 | Lair:2   | Lost mutation: Armour fits poorly on your strangely shaped
                  | body. [potion of mutation]
 14597 | Lair:2   | Gained mutation: You are agile. (Dex +2) [potion of
                  | mutation]
 14597 | Lair:2   | Gained mutation: You have supernaturally acute eyesight.
                  | (SInv) [potion of mutation]
 14926 | Lair:3   | Found a one-way gate to the infinite horrors of the Abyss.
 14933 | Lair:3   | Found a corrupted altar of Lugonu.
 15135 | Lair:3   | Found a transporter.
 15137 | Lair:3   | Found a transporter.
 15288 | Lair:3   | Offered knowledge of Airstrike by Vehumet.
 15553 | Lair:3   | Reached skill level 8 in Evocations
 15853 | Lair:3   | Found a staircase to the Shoals.
 17156 | Lair:4   | Found a staircase to the Snake Pit.
 17521 | Lair:5   | Reached **** piety under Vehumet
 17525 | Lair:5   | Offered knowledge of Iskenderun's Battlesphere by Vehumet.
 17526 | Lair:5   | Reached skill level 10 in Ice Magic
 17569 | Lair:5   | Found a radiant altar of Vehumet.
 18914 | Lair:6   | Entered Level 6 of the Lair of Beasts
 18968 | Lair:6   | Reached skill level 10 in Spellcasting
 19125 | Lair:6   | Reached XP level 14. HP: 73/106 MP: 16/28
 19350 | Lair:6   | Reached ***** piety under Vehumet
 19350 | Lair:6   | Offered knowledge of Fireball by Vehumet.
 19376 | Lair:6   | Learned a level 5 spell: Fireball
 19535 | Lair:6   | Found a runed translucent door.
 19835 | Lair:6   | Reached skill level 10 in Dodging
 20033 | Lair:6   | Reached skill level 9 in Evocations
 20420 | Lair:6   | Reached skill level 10 in Stealth
 20770 | Lair:6   | Reached skill level 10 in Invocations
 21327 | Lair:6   | Found a staircase to the Slime Pits.
 23023 | D:11     | Found a portal to a secret trove of treasure.
 23347 | D:11     | Killed Fannar
 23554 | D:12     | Reached XP level 15. HP: 88/114 MP: 10/29
 24397 | D:12     | You fall into a shaft and drop 3 floors!
 24397 | D:15     | Entered Level 15 of the Dungeon
 24462 | D:15     | Found a transporter.
 24503 | D:14     | Found a shimmering altar of Xom.
 24504 | D:14     | Found a shimmering altar of Xom.
 24504 | D:14     | Found a shimmering altar of Xom.
 24610 | D:14     | Found a gate leading to a gauntlet.
 24622 | Gauntlet | Entered a Gauntlet
 24622 | Gauntlet | Found a transporter.
 24622 | Gauntlet | Found a transporter.
 24622 | Gauntlet | Found a transporter.
 24670 | Gauntlet | Found a transporter.
 24683 | Gauntlet | Found a transporter.
 24684 | Gauntlet | Found a transporter.
 24693 | Gauntlet | Found a transporter.
 24711 | Gauntlet | Found a runed translucent gate.
 24712 | Gauntlet | Found a transporter.
 24712 | Gauntlet | Found a runed translucent gate.
 24713 | Gauntlet | Found a runed translucent gate.
 24726 | Gauntlet | Found a transporter.
 24729 | Gauntlet | Found a transporter.
 24737 | Gauntlet | Found a transporter.
 24740 | Gauntlet | Found a transporter.
 25416 | Gauntlet | Paralysed by you for 7 turns
 25521 | Gauntlet | Identified Sif Muna's Collected Works on Shape Shifting
 25616 | Gauntlet | Got a flickering bone ring
 25850 | D:13     | Reached skill level 10 in Fighting
 25850 | D:13     | Reached skill level 10 in Short Blades
 25850 | D:13     | Reached skill level 10 in Long Blades
 25850 | D:13     | Reached skill level 10 in Axes
 25850 | D:13     | Reached skill level 10 in Maces & Flails
 25850 | D:13     | Reached skill level 10 in Polearms
 25850 | D:13     | Reached skill level 10 in Staves
 25850 | D:13     | Reached skill level 10 in Slings
 25850 | D:13     | Reached skill level 10 in Bows
 25850 | D:13     | Reached skill level 10 in Crossbows
 25850 | D:13     | Reached skill level 10 in Throwing
 25850 | D:13     | Reached skill level 10 in Armour
 25850 | D:13     | Reached skill level 10 in Shields
 25850 | D:13     | Reached skill level 10 in Unarmed Combat
 25850 | D:13     | Reached skill level 10 in Evocations
 25979 | D:13     | Found a roughly hewn altar of Beogh.
 26288 | D:13     | Offered knowledge of Freezing Cloud by Vehumet.
 26381 | D:13     | Learned a level 6 spell: Freezing Cloud
 27211 | D:12     | Identified the ring "Nuuhu" {rF+ Dex+6} (You found it in a
                  | Gauntlet)
 27629 | D:13     | Found a gate to the Vaults.
 27634 | D:13     | Identified the Papyrus of Creative Confrontation
 28414 | D:14     | Found a shimmering altar of Xom.
 28415 | D:14     | Found a shimmering altar of Xom.
 28415 | D:14     | Found a shimmering altar of Xom.
 28898 | D:15     | Reached XP level 16. HP: 107/123 MP: 10/31
 29223 | D:15     | Got a scorched jade ring
 29352 | D:15     | Found Olio's Armour Shop.
 29501 | D:15     | Got a smoking bronze ring
 29503 | D:15     | Identified the ring of the Hero {rN+ Str+6 SInv Stlth+}
                  | (You found it on level 15 of the Dungeon)
 29869 | D:15     | Found Weugext's Weapon Boutique.
 30048 | D:15     | Got a transparent lead ring
 30339 | D:15     | Found Fait's Weapon Boutique.
 30350 | D:15     | Offered knowledge of Iron Shot by Vehumet.
 30363 | D:15     | Learned a level 6 spell: Iron Shot
 30458 | D:15     | Found a staircase to the Depths.
 30570 | D:15     | Found a transporter.
 31073 | D:15     | Got a sparkling brass ring
 31753 | Snake:1  | Entered Level 1 of the Snake Pit
 31753 | Snake:1  | Found Fihaxag's Distillery.
 31769 | Snake:1  | Reached skill level 11 in Evocations
 32508 | Snake:1  | Reached XP level 17. HP: 98/131 MP: 23/33
 33403 | Snake:1  | Identified a scroll of acquirement
 33403 | Snake:1  | Acquired 1278 gold pieces
 34159 | Snake:2  | Found Obolefag's Antique Weapon Boutique.
 34159 | Snake:2  | Found Juge's General Store.
 34160 | Snake:2  | Found Lemoajas's Gadget Shop.
 34179 | Snake:2  | Found Emyoqy's Magic Scroll Boutique.
 34819 | Snake:2  | Offered knowledge of Lee's Rapid Deconstruction by Vehumet.
 35543 | Snake:2  | Noticed Kirke
 35551 | Snake:2  | Killed Kirke
 36827 | Snake:3  | Reached skill level 10 in Conjurations
 36827 | Snake:3  | Reached skill level 10 in Hexes
 36827 | Snake:3  | Reached skill level 10 in Summonings
 36827 | Snake:3  | Reached skill level 10 in Necromancy
 36827 | Snake:3  | Reached skill level 10 in Translocations
 36827 | Snake:3  | Reached skill level 10 in Transmutations
 36827 | Snake:3  | Reached skill level 10 in Fire Magic
 36827 | Snake:3  | Reached skill level 10 in Air Magic
 36827 | Snake:3  | Reached skill level 10 in Earth Magic
 36827 | Snake:3  | Reached skill level 10 in Poison Magic
 36954 | Snake:3  | Identified the ring "Mingax" {rC+ AC+4} (You found it on
                  | level 15 of the Dungeon)
 38026 | Snake:4  | Entered Level 4 of the Snake Pit
 38615 | Snake:4  | Reached XP level 18. HP: 122/140 MP: 25/34
 38823 | Snake:4  | Identified the ring "Azaacriz" {Str+6 Slay+4} (You found it
                  | on level 15 of the Dungeon)
 39074 | Snake:4  | Found Syg Luat's Gadget Shop.
 39074 | Snake:4  | Found Palasued's Jewellery Shoppe.
 39075 | Snake:4  | Found Kiogec's Jewellery Shoppe.
 39187 | Snake:4  | Offered knowledge of Spellforged Servitor by Vehumet.
 39197 | Snake:4  | Learned a level 7 spell: Spellforged Servitor
 40006 | Snake:4  | Reached skill level 12 in Evocations
 41326 | Snake:4  | Got a serpentine rune of Zot
 41608 | Orc:1    | Entered Level 1 of the Orcish Mines
 41794 | Orc:1    | Noticed Nergalle
 41812 | Orc:1    | Killed Nergalle
 41994 | Orc:1    | Noticed Urug
 42001 | Orc:1    | Killed Urug
 42457 | D:8      | Bought the +8 orange crystal plate armour {Archmagi, Int+3
                  | Clar} for 3323 gold pieces
 42457 | D:8      | Found the +8 orange crystal plate armour {Archmagi, Int+3
                  | Clar}
 42590 | Orc:2    | Entered Level 2 of the Orcish Mines
 42751 | Orc:2    | Reached ****** piety under Vehumet
 42752 | Orc:2    | Offered knowledge of Conjure Ball Lightning by Vehumet.
 43118 | Orc:2    | Found Luawniacw's Antique Weapon Shoppe.
 43148 | Orc:2    | Found an ancient bone altar of Kikubaaqudgha.
 43196 | Orc:2    | Found Qacro's Magic Scroll Shoppe.
 43312 | Orc:2    | Found a radiant altar of Vehumet.
 43389 | Orc:2    | Found Muhotoy's Book Shoppe.
 43389 | Orc:2    | Found Zuaryo Didgh's Antique Weapon Emporium.
 43389 | Orc:2    | Found a roughly hewn altar of Beogh.
 43548 | Orc:2    | Found a roughly hewn altar of Beogh.
 43602 | Orc:2    | Found a staircase to the Elven Halls.
 43998 | Shoals:1 | Entered Level 1 of the Shoals
 44747 | Shoals:1 | Found Juloin's Weapon Shoppe.
 45049 | Shoals:2 | Noticed Polyphemus
 45235 | Shoals:2 | Killed Polyphemus
 45475 | Shoals:2 | Found Woaraves's Antique Armour Shop.
 45807 | Shoals:2 | Offered knowledge of Ignition by Vehumet.
 46075 | Shoals:2 | Reached XP level 19. HP: 107/147 MP: 23/36
 46297 | Shoals:2 | Noticed Nikola
 46307 | Shoals:2 | Killed Nikola
 46684 | Shoals:2 | Identified the cursed ring "Efuddej" {rF- EV-4 Str+5} (You
                  | found it on level 15 of the Dungeon)
 47044 | Shoals:3 | Noticed Donald
 47048 | Shoals:3 | Killed Donald
 47393 | Shoals:3 | Noticed Louise
 47401 | Shoals:3 | Killed Louise
 48531 | Shoals:4 | Entered Level 4 of the Shoals
 49162 | Shoals:4 | Offered knowledge of Shatter by Vehumet.
 49162 | Shoals:4 | Offered knowledge of Tornado by Vehumet.
 49162 | Shoals:4 | Offered knowledge of Ignition by Vehumet.
 49854 | Shoals:4 | Got a barnacled rune of Zot
 50935 | Vaults:1 | Entered Level 1 of the Vaults
 50948 | Vaults:1 | Found a ruined gateway.
 51144 | Desolati | Entered the Desolation of Salt
 51186 | Desolati | Found the +8 longbow "Zephyr" {speed, Dex+3 SInv}
 51436 | Desolati | Reached skill level 13 in Evocations
 52167 | Desolati | Got a steaming wooden ring
 52168 | Desolati | Identified the ring "Oqimozum" {rElec rN+ Dex+6 Slay+2}
                  | (You found it in the Desolation of Salt)
 52346 | Desolati | Reached XP level 20. HP: 137/156 MP: 5/37
 52885 | Desolati | Identified the +8 scimitar of Brawling {flame, Will+ Str+3}
 53171 | Desolati | Identified the Compendium of Excruciating Necromancy
 53207 | Desolati | Identified the +8 morningstar "Fommonit" {vorpal, rElec
                  | Str-2 Dex+4} (You found it in the Desolation of Salt)
 53860 | Vaults:1 | You fall into a shaft and drop 1 floor!
 53984 | Vaults:2 | Found Upraf's Armour Emporium.
 55049 | Vaults:2 | Found a staircase to the Crypt.
 55049 | Vaults:2 | Found an ancient bone altar of Kikubaaqudgha.
 55053 | Vaults:2 | Found a basalt altar of Yredelemnul.
 55309 | Vaults:2 | Found Paul's Distillery.
 56148 | D:15     | Bought the +9 ring mail of Elyvilon's Delight {rCorr Int+2}
                  | for 987 gold pieces
 58023 | Vaults:2 | Found Diybruilac's Book Shop.
 58179 | Vaults:2 | Reached XP level 21. HP: 135/164 MP: 39/39
 59060 | Vaults:3 | Reached skill level 15 in Invocations
 59180 | Vaults:3 | Reached skill level 14 in Evocations
 59181 | Vaults:3 | Noticed Aizul
 59184 | Vaults:3 | Killed Aizul
 61045 | Vaults:4 | Noticed Bai Suzhen
 61061 | Vaults:4 | Killed Bai Suzhen
 61315 | Vaults:4 | Reached XP level 22. HP: 125/172 MP: 30/40
 61321 | Vaults:4 | Reached skill level 15 in Spellcasting
 61982 | Vaults:4 | Reached skill level 15 in Dodging
 62524 | Elf:1    | Entered Level 1 of the Elven Halls
 62651 | Elf:1    | Identified the ring of the Bespelling Priest {Ice Str+8
                  | Int-3 SInv Stlth+} (You found it on level 1 of the Elven
                  | Halls)
 62664 | Elf:1    | Learned a level 6 spell: Starburst
 62708 | Elf:1    | Found Lorotruga's Antique Weapon Emporium.
 62963 | Orc:2    | Bought a book of Unlife for 845 gold pieces
 62970 | Orc:2    | Learned a level 6 spell: Death Channel
 63074 | Elf:1    | Found Mizxin's Antique Armour Boutique.
 63826 | Elf:1    | Identified the Handbook of Black Secrets
 63949 | Elf:2    | Reached skill level 15 in Stealth
 64217 | Elf:2    | Found a runed translucent door.
 65001 | Elf:2    | Found a runed translucent gate.
 65001 | Elf:2    | Found a runed translucent gate.
 65002 | Elf:2    | Found a runed translucent gate.
 65726 | Elf:3    | Entered Level 3 of the Elven Halls
 66077 | Elf:3    | Noticed Roxanne
 66812 | Elf:3    | Found an ancient bone altar of Kikubaaqudgha.
 67446 | Elf:3    | Killed Roxanne
 67572 | Elf:3    | Reached XP level 23. HP: 174/180 MP: 35/42
 67602 | Elf:3    | Reached skill level 15 in Fighting
 67602 | Elf:3    | Reached skill level 15 in Short Blades
 67602 | Elf:3    | Reached skill level 15 in Long Blades
 67602 | Elf:3    | Reached skill level 15 in Axes
 67602 | Elf:3    | Reached skill level 15 in Maces & Flails
 67602 | Elf:3    | Reached skill level 15 in Polearms
 67602 | Elf:3    | Reached skill level 15 in Staves
 67602 | Elf:3    | Reached skill level 15 in Slings
 67602 | Elf:3    | Reached skill level 15 in Bows
 67602 | Elf:3    | Reached skill level 15 in Crossbows
 67602 | Elf:3    | Reached skill level 15 in Throwing
 67602 | Elf:3    | Reached skill level 15 in Armour
 67602 | Elf:3    | Reached skill level 15 in Shields
 67602 | Elf:3    | Reached skill level 15 in Unarmed Combat
 67602 | Elf:3    | Reached skill level 15 in Evocations
 68075 | Elf:3    | Identified the Grimoire of Blistering Flight
 68213 | Elf:3    | Identified the +7 dagger "Seruc" {antimagic, +Inv Str-2
                  | Dex+6} (You found it on level 3 of the Elven Halls)
 68554 | Depths:1 | Entered Level 1 of the Depths
 69293 | Depths:1 | Found a sparkling altar of Nemelex Xobeh.
 69688 | Depths:1 | Identified the +4 demon blade of Blue Courage {flame,
                  | Will++ Str+4}
 69922 | Depths:1 | Found a gateway to Hell.
 71142 | Depths:2 | Reached XP level 24. HP: 172/189 MP: 43/43
 72307 | Depths:3 | Identified the ring "Qiddex" {rPois rF+ rC+} (You found it
                  | on level 3 of the Depths)
 72352 | Depths:3 | Found a runed translucent door.
 72385 | Depths:3 | Reached skill level 16 in Evocations
 72392 | Depths:3 | Noticed a juggernaut
 72404 | Depths:3 | Killed a juggernaut
 72794 | Depths:3 | Identified the cursed +0 scale mail "Neddos" {Harm rN+
                  | MP+9} (You found it on level 3 of the Depths)
 72795 | Depths:3 | Identified the Grimoire of Twisted Evil Magic
 72800 | Depths:3 | Identified the ring "Ixo Bozu" {rN+ Dex+4} (You found it on
                  | level 3 of the Depths)
 73217 | Depths:3 | Found a one-way gate leading to the halls of Pandemonium.
 73791 | Depths:4 | Reached skill level 15 in Ice Magic
 74384 | Depths:4 | Identified the +6 dagger of Xil Vitt {protect, Dex+2}
 74909 | Depths:4 | Identified the ring "Onlistral" {rC+ Str+4 Int+4}
 74935 | Depths:4 | Found a radiant altar of Vehumet.
 74939 | Depths:4 | Found a transporter.
 75009 | Depths:4 | Found a gateway to a ziggurat.
 76026 | Depths:4 | Learned a level 8 spell: Ignition
 76065 | Depths:5 | Entered Level 5 of the Depths
 76816 | Depths:5 | Reached XP level 25. HP: 151/197 MP: 8/43
 77180 | Depths:5 | Reached skill level 17 in Evocations
 77671 | Depths:5 | Found a corrupted altar of Lugonu.
 77840 | Depths:5 | Found a gate to the Realm of Zot.
 78456 | Slime:1  | Entered Level 1 of the Pits of Slime
 78474 | Slime:1  | Lost mutation: You have supernaturally acute eyesight.
                  | (SInv) [a shining eye]
 78478 | Slime:1  | Gained mutation: Your spells are a little easier to cast,
                  | but a little less powerful. [a shining eye]
 78485 | Slime:1  | Lost mutation: You are agile. (Dex +2) [potion of mutation]
 78485 | Slime:1  | Lost mutation: You are covered in fur. (AC +1) [potion of
                  | mutation]
 78485 | Slime:1  | Lost mutation: Your spells are a little easier to cast, but
                  | a little less powerful. [potion of mutation]
 78485 | Slime:1  | Lost mutation: You are strong-willed. (Will+) [potion of
                  | mutation]
 78485 | Slime:1  | Gained mutation: You expend magic power (3 MP) to
                  | strengthen your wands. [potion of mutation]
 78485 | Slime:1  | Gained mutation: You occasionally shout uncontrollably at
                  | your foes. [potion of mutation]
 78485 | Slime:1  | Gained mutation: Your flesh is heat resistant. (rF+)
                  | [potion of mutation]
 78486 | Slime:1  | Lost mutation: You expend magic power (3 MP) to strengthen
                  | your wands. [potion of mutation]
 78486 | Slime:1  | Lost mutation: You occasionally shout uncontrollably at
                  | your foes. [potion of mutation]
 78486 | Slime:1  | Gained mutation: You tend to lose your temper in combat.
                  | [potion of mutation]
 78486 | Slime:1  | Gained mutation: Your flesh is cold resistant. (rC+)
                  | [potion of mutation]
 78487 | Slime:1  | Lost mutation: You tend to lose your temper in combat.
                  | [potion of mutation]
 78487 | Slime:1  | Lost mutation: Your flesh is cold resistant. (rC+) [potion
                  | of mutation]
 78487 | Slime:1  | Gained mutation: Your flesh is very heat resistant. (rF++)
                  | [potion of mutation]
 78487 | Slime:1  | Gained mutation: Your spells are a little harder to cast,
                  | but a little more powerful. [potion of mutation]
 78589 | Slime:2  | Gained mutation: You do not regenerate when monsters are
                  | visible. [a shining eye]
 79126 | Slime:5  | Entered Level 5 of the Pits of Slime
 79138 | Slime:5  | Gained mutation: You are clumsy. (Dex -2) [a shining eye]
 79142 | Slime:5  | Gained mutation: You evolve. [a shining eye]
 79263 | Slime:5  | Gained mutation: You have a pair of small antennae on your
                  | head. [evolution]
 79274 | Slime:5  | Noticed the Royal Jelly
 80097 | Slime:5  | Found a viscous altar of Jiyva.
 80107 | Slime:5  | Found the +3 salamander hide armour {Flames rF++ rC--}
 80195 | Slime:5  | Killed the Royal Jelly
 80196 | Slime:5  | Reached XP level 26. HP: 199/206 MP: 26/44
 80236 | Slime:5  | Identified the +2 robe of the Louse {Harm rN++ Str+3 Int-4}
                  | (You found it on level 5 of the Pits of Slime)
 80277 | Slime:5  | Identified the Disquisition on Dusty Orientation
 80333 | Slime:5  | Identified Kuheloxy's Almanac of Harmful Companions
 80359 | Slime:5  | Got a slimy rune of Zot
 80361 | Slime:5  | Identified the +7 quarterstaff of Responsibility {drain,
                  | rN+ Will+ Str+4 Stlth+} (You found it on level 5 of the
                  | Pits of Slime)
 80383 | Slime:5  | Identified the +10 short sword of Overwhelming Force {holy,
                  | +Inv rC+ MP+9 Int+3} (You found it on level 5 of the Pits
                  | of Slime)
 80391 | Slime:5  | Lost mutation: Your flesh is very heat resistant. (rF++)
                  | [potion of mutation]
 80391 | Slime:5  | Lost mutation: You are clumsy. (Dex -2) [potion of
                  | mutation]
 80391 | Slime:5  | Gained mutation: You have sharp toenails. [potion of
                  | mutation]
 80392 | Slime:5  | Lost mutation: You have a pair of small antennae on your
                  | head. [potion of mutation]
 80392 | Slime:5  | Lost mutation: Your spells are a little harder to cast, but
                  | a little more powerful. [potion of mutation]
 80392 | Slime:5  | Lost mutation: You evolve. [potion of mutation]
 80392 | Slime:5  | Lost mutation: You have sharp toenails. [potion of
                  | mutation]
 80392 | Slime:5  | Gained mutation: You tend to lose your temper in combat.
                  | [potion of mutation]
 80392 | Slime:5  | Gained mutation: Your muscles are strong. (Str +2) [potion
                  | of mutation]
 80392 | Slime:5  | Lost mutation: You do not regenerate when monsters are
                  | visible. [potion of mutation]
 80392 | Slime:5  | Gained mutation: You have large cloven feet. [potion of
                  | mutation]
 80393 | Slime:5  | Lost mutation: You tend to lose your temper in combat.
                  | [potion of mutation]
 80393 | Slime:5  | Lost mutation: Your flesh is heat resistant. (rF+) [potion
                  | of mutation]
 80393 | Slime:5  | Lost mutation: Your muscles are strong. (Str +2) [potion of
                  | mutation]
 80393 | Slime:5  | Gained mutation: You occasionally shout uncontrollably at
                  | your foes. [potion of mutation]
 80393 | Slime:5  | Gained mutation: Your mind is acute. (Int +2) [potion of
                  | mutation]
 80393 | Slime:5  | Gained mutation: Your flesh is heat resistant. (rF+)
                  | [potion of mutation]
 80394 | Slime:5  | Lost mutation: You occasionally shout uncontrollably at
                  | your foes. [potion of mutation]
 80394 | Slime:5  | Lost mutation: You have large cloven feet. [potion of
                  | mutation]
 80394 | Slime:5  | Lost mutation: Your mind is acute. (Int +2) [potion of
                  | mutation]
 80394 | Slime:5  | Lost mutation: Your flesh is heat resistant. (rF+) [potion
                  | of mutation]
 80394 | Slime:5  | Gained mutation: Your mind is acute. (Int +2) [potion of
                  | mutation]
 80394 | Slime:5  | Gained mutation: You expend magic power (3 MP) to
                  | strengthen your wands. [potion of mutation]
 80394 | Slime:5  | Gained mutation: Your muscles are strong. (Str +2) [potion
                  | of mutation]
 80405 | Slime:5  | Learned a level 8 spell: Necromutation
 80946 | Zig:1    | Entered Level 1 of a ziggurat
 80957 | Zig:1    | Reached skill level 18 in Evocations
 80963 | Zig:1    | Identified the cursed +0 pair of gloves of Foolhardiness
                  | {+Fly Str+4 Dex+3} (You found it on level 1 of a ziggurat)
 81138 | Zig:2    | Entered Level 2 of a ziggurat
 81168 | Zig:3    | Entered Level 3 of a ziggurat
 81251 | Zig:4    | Entered Level 4 of a ziggurat
 81251 | Zig:4    | Noticed Wugosheury the pandemonium lord
 81258 | Zig:4    | Killed Wugosheury the pandemonium lord
 81388 | Zig:5    | Entered Level 5 of a ziggurat
 81475 | Zig:5    | Learned a level 2 spell: Blink
 81481 | Zig:6    | Entered Level 6 of a ziggurat
 81484 | Zig:6    | Found the ring of the Mage {Wiz Will++ Int+3}
 81484 | Zig:6    | Noticed Heahipi the pandemonium lord
 81506 | Zig:6    | Killed Heahipi the pandemonium lord
 81509 | Zig:6    | Gained mutation: You are frail. (-10% HP) [mutagenic glow]
 81642 | Zig:7    | Entered Level 7 of a ziggurat
 81673 | Zig:7    | Identified the ring "Metec" {Ice rN+ Stlth+} (You found it
                  | on level 7 of a ziggurat)
 81714 | Zig:8    | Entered Level 8 of a ziggurat
 81753 | Zig:8    | Identified Sif Muna's Catalogue of the Hurtful Rocks
 81757 | Zig:9    | Entered Level 9 of a ziggurat
 81800 | Zig:9    | Acquired 847 gold pieces
 81801 | Zig:9    | Acquired the ring of Untruth {+Blink rElec rF+ Int+6
                  | Stlth+}
 81837 | Zig:10   | Entered Level 10 of a ziggurat
 81842 | Zig:10   | Noticed Xocw's ghost (legendary GrMo)
 81842 | Zig:10   | Noticed thechecker02's ghost (legendary DDFi)
 81849 | Zig:10   | Killed thechecker02's ghost
 81884 | Zig:10   | Killed Xocw's ghost
 82108 | Zig:10   | Identified Juc Xin's Disquisition on Unstable Attacks
 82167 | Zig:11   | Entered Level 11 of a ziggurat
 82254 | Zig:11   | Reached XP level 27. HP: 192/192 MP: 44/44
 82257 | Zig:11   | Reached skill level 19 in Evocations
 82261 | Zig:11   | Identified the +6 great sword "Duez" {protect, Int+3} (You
                  | found it on level 11 of a ziggurat)
 82266 | Zig:11   | Identified the +6 scale mail of Peek-a-Boo {Will++ rCorr
                  | Int-2 Slay+2} (You found it on level 11 of a ziggurat)
 82267 | Zig:11   | Identified Reskem's Incunabulum of the Venomous Arsonist
 82302 | Zig:12   | Entered Level 12 of a ziggurat
 82309 | Zig:12   | Noticed a royal mummy
 82309 | Zig:12   | Noticed a royal mummy
 82313 | Zig:12   | Killed a royal mummy
 82313 | Zig:12   | Noticed a royal mummy
 82314 | Zig:12   | Killed a royal mummy
 82314 | Zig:12   | Noticed a royal mummy
 82316 | Zig:12   | Noticed a royal mummy
 82318 | Zig:12   | Killed a royal mummy
 82320 | Zig:12   | Killed a royal mummy
 82324 | Zig:12   | Killed a royal mummy
 82325 | Zig:12   | Reached skill level 15 in Conjurations
 82325 | Zig:12   | Reached skill level 15 in Hexes
 82325 | Zig:12   | Reached skill level 15 in Summonings
 82325 | Zig:12   | Reached skill level 15 in Necromancy
 82325 | Zig:12   | Reached skill level 15 in Translocations
 82325 | Zig:12   | Reached skill level 15 in Transmutations
 82325 | Zig:12   | Reached skill level 15 in Fire Magic
 82325 | Zig:12   | Reached skill level 15 in Air Magic
 82325 | Zig:12   | Reached skill level 15 in Earth Magic
 82325 | Zig:12   | Reached skill level 15 in Poison Magic
 82441 | Zig:12   | Identified the Guide on the Escort and Enchantment
 82447 | Zig:12   | Identified the Papyrus of the Glacier
 82463 | Zig:13   | Entered Level 13 of a ziggurat
 82470 | Zig:13   | Noticed a juggernaut
 82474 | Zig:13   | Killed a juggernaut
 82515 | Zig:13   | Identified Jithit's Grimoire of Orientation
 82521 | Zig:13   | Identified the +7 crystal plate armour of Parts Unknown
                  | {rElec MP+9 Str+3} (You found it on level 13 of a ziggurat)
 82584 | Zig:14   | Entered Level 14 of a ziggurat
 82982 | Zig:14   | Learned a level 9 spell: Shatter
 82986 | Zig:14   | Acquired 688 gold pieces
 82991 | Zig:14   | Identified the +4 ring mail of the Archfiend {Will+ Dex+2}
                  | (You found it on level 14 of a ziggurat)
 82995 | Zig:14   | Identified the +2 ring mail of Temperance {Str+8} (You
                  | found it on level 14 of a ziggurat)
 82999 | Zig:14   | Identified the Guide on Bewitching Creation
 83075 | Zig:15   | Entered Level 15 of a ziggurat
 83115 | Zig:15   | Found the +11 plutonium sword {*Contam Stlth-}
 83153 | Zig:15   | Identified the +6 plate armour of the Pits of Slime {*Drain
                  | Str+3 Int+6 SInv} (You found it on level 15 of a ziggurat)
 83197 | Zig:16   | Entered Level 16 of a ziggurat
 83215 | Zig:16   | Reached skill level 20 in Evocations
 83228 | Zig:16   | Killed from afar by a Hell Sentinel

Illustrated notes

Levels and vault maps discovered:
D:1:      nagdon_arrival_double_spiral, layout_basic, minivault_26,
          st_stairs_11, minmay_rat_gold_closets
D:2:      minmay_door_path, layout_basic, uniq_robin, uniq_crazy_yiuf_cottage,
          uniq_jessica
D:3:      layout_basic, uniq_ijyb
D:4:      layout_basic, nicolae_tso_carved_into_rock, uniq_blork_the_orc,
          uniq_pikel
D:5:      layout_basic, slow_altar_1, kennysheep_slug_shrine
D:6:      layout_basic, serial_shops, kennysheep_mini_moat, uniq_edmund
D:7:      layout_basic, lemuel_temple_firewalk_b, enter_ossuary_1,
          lemuel_flame_loot_1, uniq_prince_ribbit1
D:8:      lemuel_upstairs_altar, layout_basic, enter_bailey_8, serial_shops,
          shop_statue, shop, uniq_gastronok, uniq_grum
D:9:      layout_basic, lair_entry_dummy, uniq_psyche, uniq_erolcha
D:10:     layout_basic, david_orc_3, basic_altar
D:11:     layout_roguey, serial_shops, nicolae_shop_competitors_out_of_business,
          enter_trove_6, uniq_fannar
D:12:     layout_roguey, kb_rosetta
D:13:     layout_rooms, david_vaults_4, special_room [special_room_orc]
D:14:     layout_irregular_city, columned_hall_lemuel, gauntlet_entry_generic,
          xom_redecorated
D:15:     hangedman_spin_cycle
Temple:   kilobyte_greek_temple
Lair:1:   layout_roguey
Lair:2:   gammafunk_cloud_chamber, layout_layer_cave, minivault_24,
          minmay_lair_oklob_items, uniq_sonja
Lair:3:   gammafunk_boulding_lane, layout_gridlike, minmay_shoals_entry_hut,
          amcnicky_altar_lugonu_corruption, infiniplex_staircase_pool_2,
          grunt_megastairs_3
Lair:4:   layout_roguey, minmay_snake_entry_guardpost_medium, grunt_megastairs_5
Lair:5:   layout_gridlike, basic_altar, chequers_serial_rivers_large_a,
          grunt_megastairs_4, serial_bayou_shore_b
Lair:6:   guppyfry_lair_end_dragon, layout_hall_layers, wormcave,
          minmay_slime_entry_oklob_enclosed, st_stairs_3
Shoals:1: layout_shoals, serial_shops, shop
Shoals:2: layout_shoals, serial_shops, nicolae_shop_crystal,
          nicolae_shoals_stone_sculpture_thing, uniq_polyphemus, uniq_nikola
Shoals:3: layout_shoals, uniq_donald, uniq_louise
Shoals:4: shoals_end_grunt_ice, layout_shoals
Snake:1:  layout_layer_cave, serial_shops, shop, grunt_megastairs_2,
          serial_bayou_shore_b
Snake:2:  layout_basic, minmay_shoptagon, serial_bayou_shore_a, uniq_kirke
Snake:3:  hangedman_cross_stitches, layout_chambers
Snake:4:  minmay_snake_end_coiled, layout_cave_town, minmay_shop_grove,
          serial_bayou_shore_b
Slime:1:  layout_caves
Slime:2:  layout_caves
Slime:3:  nicolae_slime_pool, layout_caves
Slime:4:  layout_caves
Slime:5
Orc:1:    layout_diamond_mine, serial_shops, nicolae_shop_statue_plus,
          uniq_nergalle, uniq_urug
Orc:2:    kennysheep_orc_mage_school, layout_caves, amcnicky_altar_gilded
Elf:1:    elf_arrival_001, layout_gridlike, serial_shops, shop,
          nicolae_shop_competitors_out_of_business, minmay_elf_necromancy,
          fake_guardian_serpent_vault
Elf:2:    layout_geoelf_octagon, minivault_13
Elf:3:    minmay_elf_hall_x, layout_loops_corners, basic_altar, uniq_roxanne
Vaults:1: ontoclasm_vaults_claustrophobia, nicolae_vaults_ring_of_whatevers,
          v_misc_25, hangedman_vaults_snaps, nicolae_vaults_border_crossing,
          nicolae_vaults_alarming, vaults_room_ringed_pool, serial_ice_m,
          vaults_room_hallway, layout_vaults_omnicross,
          portal_desolation_entry_garden
Vaults:2: nicolae_vaults_what_the_h, v_alt_pattern_6, v_alt_pattern_5,
          minmay_crypt_entry_necro_gods, nicolae_vaults_quartermaster,
          vaults_room_corners, nicolae_vaults_specimen_jars, vaults_mumra_hex,
          v_pattern_5, ontoclasm_vaults_fault, vaults_dpeg_ring,
          vaults_dpeg_encased_lava, layout_vaults_quadrants, serial_glass,
          serial_shops, nicolae_shop_statue_plus, nicolae_shop_waterfront, shop
Vaults:3: hangedman_vaults_corner, vaults_dpeg_diagonal,
          nicolae_vaults_network_square, v_misc_4, hangedman_vaults_stagger,
          grunt_vaults_trifunnel, vaults_room_door_hall,
          nicolae_vaults_rhombus_7, ontoclasm_vaults_loading_screen,
          vaults_room_door_ring, nicolae_vaults_little_ls, layout_vaults_ring,
          uniq_aizul
Vaults:4: v_misc_16, v_misc_27, v_misc_26, vaults_mumra_bighexcomb,
          nicolae_vaults_ring_of_whatevers, v_misc_24, grunt_vaults_funnel,
          hangedman_vaults_pinch, vaults_room_grid, ontoclasm_vaults_ligature,
          hangedman_vaults_maws, layout_vaults_omnibox, uniq_bai_suzhen
Depths:1: minmay_outward_triangles, layout_long_grid, hellmouth_1,
          nemelex_diamond_rough_becter
Depths:2: minmay_shoctagon, layout_twisted_cross,
          grunt_hell_entry_demonic_statue, serial_bayou_shore_b
Depths:3: minmay_the_grid_triangle_9x9_rhombus_thin
          [minmay_the_grid_triangle_9x9_skeleton,
          minmay_the_grid_triangle_9x9_prize_center,
          minmay_the_grid_triangle_9x9_subtriangle,
          minmay_the_grid_triangle_9x9_warning], layout_gridlike,
          pf_vacation_house_of_asmodeus, pan_entry, kennysheep_boxes
Depths:4: gammafunk_sealed_library, layout_cross, enter_ziggurat_f, hell_entry,
          grunt_pan_entry_zigzag, abyss_entry, hangedman_abyss_or_decor_passed,
          minmay_staircase_bubble
Depths:5: grunt_zot_entry_tricorne, layout_cave_shapes, abyss_entry_flame_altar,
          rand_demon_pan_entry_4, ebering_dispersal_statue_hall, hell_entry,
          hangedman_aviary
Zig:16

Skill      XL: |  1  2  3  4  5  6  7  8  9 10 11 12 13 14 15 16 17 18 19 20 21 22 23 24 25 26 27 |
---------------+----------------------------------------------------------------------------------+-----
Spellcasting   | 5 6 7 8 9 10 11 12 13 14 15 16 17 18 | 18.3
Invocations    | 1 2 3 4 5 6 7 8 9 10 11 12 13 14 15 16 17 18 19 | 19.2
Fighting       | 1 2 3 4 5 7 8 9 10 11 12 13 14 15 16 17 | 17.8
Short Blades   | 1 2 3 4 5 7 8 9 10 11 12 13 14 15 16 17 | 17.8
Long Blades    | 1 2 3 4 5 7 8 9 10 11 12 13 14 15 16 17 | 17.8
Axes           | 1 2 3 4 5 7 8 9 10 11 12 13 14 15 16 17 | 17.8
Maces & Flails | 1 2 3 4 5 7 8 9 10 11 12 13 14 15 16 17 | 17.8
Polearms       | 1 2 3 4 5 7 8 9 10 11 12 13 14 15 16 17 | 17.8
Staves         | 1 2 3 4 5 7 8 9 10 11 12 13 14 15 16 17 | 17.8
Slings         | 1 2 3 4 5 7 8 9 10 11 12 13 14 15 16 17 | 17.8
Bows           | 1 2 3 4 5 7 8 9 10 11 12 13 14 15 16 17 | 17.8
Crossbows      | 1 2 3 4 5 7 8 9 10 11 12 13 14 15 16 17 | 17.8
Throwing       | 1 2 3 4 5 7 8 9 10 11 12 13 14 15 16 17 | 17.8
Armour         | 1 2 3 4 5 7 8 9 10 11 12 13 14 15 16 17 | 17.8
Shields        | 1 2 3 4 5 7 8 9 10 11 12 13 14 15 16 17 | 17.8
Unarmed Combat | 1 2 3 4 5 7 8 9 10 11 12 13 14 15 16 17 | 17.8
Evocations     | 1 2 3 4 5 7 8 9 10 11 12 13 14 15 16 17 18 20 | 20.0
Conjurations   | 1 2 3 4 5 6 7 8 9 10 11 12 13 14 15 | 15.4
Hexes          | 1 2 3 4 5 6 7 8 9 10 11 12 13 14 15 | 15.4
Summonings     | 1 2 3 4 5 6 7 8 9 10 11 12 13 14 15 | 15.4
Necromancy     | 1 2 3 4 5 6 7 8 9 10 11 12 13 14 15 | 15.4
Translocations | 1 2 3 4 5 6 7 8 9 10 11 12 13 14 15 | 15.4
Transmutations | 1 2 3 4 5 6 7 8 9 10 11 12 13 14 15 | 15.4
Fire Magic     | 1 2 3 4 5 6 7 8 9 10 11 12 13 14 15 | 15.4
Air Magic      | 1 2 3 4 5 6 7 8 9 10 11 12 13 14 15 | 15.4
Earth Magic    | 1 2 3 4 5 6 7 8 9 10 11 12 13 14 15 | 15.4
Poison Magic   | 1 2 3 4 5 6 7 8 9 10 11 12 13 14 15 | 15.4
Dodging        | 5 6 7 8 9 10 11 12 13 14 15 16 17 18 | 18.2
Stealth        | 5 6 7 8 9 10 11 12 13 14 15 16 17 18 | 18.2
Ice Magic      | 8 9 10 11 12 13 14 15 16 | 16.5

Action                   |  1- 3 |  4- 6 |  7- 9 | 10-12 | 13-15 | 16-18 | 19-21 | 22-24 | 25-27 || total
-------------------------+-------+-------+-------+-------+-------+-------+-------+-------+-------++-------
Melee: Whip              |    15 |       |       |       |       |       |       |       |       ||    15
       Bite              |     7 |     5 |    53 |    30 |    37 |    23 |   104 |   149 |    44 ||   452
       Dagger            |    71 |    87 |   472 |    83 |    43 |     4 |       |       |       ||   760
       Rapier            |       |       |    22 |       |       |       |       |   411 |   130 ||   563
       Punch             |       |       |     7 |     6 |       |       |       |       |       ||    13
       Staff             |       |       |       |   169 |   203 |   183 |   522 |    27 |    52 ||  1156
       Double sword      |       |       |       |       |       |       |    85 |       |       ||    85
       Eveningstar       |       |       |       |       |       |       |    15 |   519 |       ||   534
       Demon blade       |       |       |       |       |       |       |       |    65 |       ||    65
       Short sword       |       |       |       |       |       |       |       |       |    17 ||    17
 Cast: Freeze            |     3 |     2 |       |       |     1 |       |       |       |       ||     6
       Frozen Ramparts   |     2 |     4 |    24 |    43 |   101 |    92 |    11 |     4 |     2 ||   283
       Ozocubu's Armour  |       |     1 |    11 |    20 |    93 |    79 |    21 |     9 |     1 ||   235
       Summon Ice Beast  |       |       |     1 |     1 |     2 |       |       |       |       ||     4
       Hailstorm         |       |       |     2 |       |     1 |       |       |       |       ||     3
       Searing Ray       |       |       |       |    30 |   216 |   343 |    33 |     5 |     1 ||   628
       Fireball          |       |       |       |       |    50 |    36 |   120 |    39 |    16 ||   261
       Iron Shot         |       |       |       |       |       |     7 |   218 |   210 |   159 ||   594
       Freezing Cloud    |       |       |       |       |       |    28 |    39 |    66 |    21 ||   154
       Spellforged Servi |       |       |       |       |       |    11 |    68 |    38 |     9 ||   126
       Starburst         |       |       |       |       |       |       |       |     3 |    75 ||    78
       Death Channel     |       |       |       |       |       |       |       |     1 |       ||     1
       Ignition          |       |       |       |       |       |       |       |       |    86 ||    86
       Necromutation     |       |       |       |       |       |       |       |       |    10 ||    10
       Blink             |       |       |       |       |       |       |       |       |     1 ||     1
 Abil: End Transformatio |       |       |       |       |       |       |       |       |     1 ||     1
Evoke: Wand              |       |       |       |       |    16 |    11 |    11 |    11 |     5 ||    54
       Phial of floods   |       |       |       |       |     2 |     2 |     3 |     2 |       ||     9
       Condenser vane    |       |       |       |       |       |     2 |     5 |     3 |     3 ||    13
  Use: Scroll            |     6 |     5 |     6 |     6 |    26 |     7 |    11 |    18 |    32 ||   117
       Potion            |       |     1 |       |     3 |     3 |       |     3 |     4 |    24 ||    38
 Stab: Sleeping          |     6 |    13 |    11 |    10 |     2 |     4 |    12 |    21 |       ||    79
       Petrified         |       |       |       |       |     6 |       |       |       |       ||     6
       Distracted        |       |       |       |       |     2 |     2 |    17 |    11 |       ||    32
Armor: Robe              |    16 |     2 |    91 |    30 |   168 |   135 |    40 |       |       ||   482
       Animal skin       |       |    14 |    22 |       |       |       |       |       |       ||    36
       Ring mail         |       |       |       |       |       |       |    72 |   226 |    79 ||   377
       Crystal plate arm |       |       |       |       |       |       |       |    29 |       ||    29
Dodge: Dodged            |    62 |    49 |   309 |   211 |   483 |   440 |   422 |   529 |   214 ||  2719
Block: Buckler           |       |       |       |    14 |   196 |   340 |   298 |   341 |    33 ||  1222
       Reflection        |       |       |       |       |       |    66 |    52 |       |       ||   118
       Kite shield       |       |       |       |       |       |       |       |       |   194 ||   194
       Rpst.: Double sword |       |       |       |       |       |       |    10 |       |       ||    10
       Demon blade       |       |       |       |       |       |       |       |    10 |       ||    10
